 Dungeon Crawl Stone Soup version 0.25-a0-289-g406d6369f5 (webtiles) character file.

Game seed: 7891772582925612245, levelgen mode: deterministic

328 MoonlitKnight the Poker (level 6, -1/70 HPs)
             Began as a Merfolk Skald on Dec 13, 2019.
             Succumbed to Dowan's poison
             ... on level 4 of the Dungeon.
             The game lasted 00:10:45 (3624 turns).

MoonlitKnight the Poker (Merfolk Skald)             Turns: 3624, Time: 00:10:46

Health: -1/70      AC: 23    Str: 12    XL:     6   Next: 50%
Magic:  3/9        EV:  2    Int: 13    God:
Gold:   184        SH:  0    Dex: 17    Spells: 3/9 levels left

rFire    . . .     SeeInvis .   a - +0 spear
rCold    . . .     Gourm    .   (no shield)
rNeg     + + +     Faith    .   (armour currently unavailable)
rPois    +         Spirit   .   (helmet currently unavailable)
rElec    .         Reflect  .   (cloak currently unavailable)
rCorr    .         Harm     .   (gloves currently unavailable)
MR       .....     NoTele   +   (boots currently unavailable)
Stlth    +++.......             (no amulet)
HPRegen  0.21/turn              p - +3 ring of dexterity
MPRegen  0.11/turn              y - ring of stealth

@: lethally poisoned (-1 -> -25), tree-form, very slightly contaminated, hasted,
very quick
A: (change form in water), (swift swim), (stealthy swim)
a: no special abilities


You were on level 4 of the Dungeon.
You were very hungry.
You were a tree.
You visited 1 branch of the dungeon, and saw 4 of its levels.

You collected 184 gold pieces.

Inventory:

Hand Weapons
 a - a +0 spear (weapon)
 B - a +0 club
Missiles
 o - 13 sling bullets
 r - 5 boomerangs (quivered)
Armour
 b - a +0 leather armour
 l - a +0 ring mail (melded)
 C - a +0 helmet (melded)
Jewellery
 p - a +3 ring of dexterity (left branch)
 q - an uncursed ring of positive energy
 v - an uncursed ring of flight
 x - an uncursed ring of protection from magic
 y - a ring of stealth (right branch)
Scrolls
 c - a scroll of remove curse {unknown}
 f - a scroll of fog {unknown}
 k - 3 scrolls of identify {unknown}
 m - 2 scrolls of immolation {unknown}
 u - 2 scrolls of enchant weapon {unknown}
 z - a scroll of teleportation {unknown}
 A - 3 scrolls of random uselessness {unknown}
 D - a scroll of magic mapping {unknown}
Potions
 e - a potion of haste
 g - a potion of flight {unknown}
 h - a potion of lignification
 i - 2 potions of agility {unknown}
 j - a potion of might {unknown}
 s - a potion of invisibility {unknown}
 t - 2 potions of berserk rage {unknown}
 w - a potion of resistance {unknown}
Comestibles
 d - 3 rations
 n - 2 chunks of flesh


   Skills:
 + Level 3.4 Fighting
 + Level 6.6 Polearms
 - Level 0.6 Armour
 + Level 4.1 Dodging
 - Level 2.0 Spellcasting
 - Level 5.0 Charms


You had 3 spell levels left.
You knew the following spells:

 Your Spells              Type           Power        Failure   Level  Hunger
a - Infusion              Chrm           ##..         3%          1    ##.....
b - Shroud of Golubria    Chrm/Tloc      #.....       14%         2    ###....
c - Spectral Weapon       Hex/Chrm       #.......     26%         3    ####...

Your spell library contained the following spells:

 Spells                   Type           Power        Failure   Level  Hunger
 Song of Slaying          Chrm           ##......     4%          2    ###....
 Regeneration             Chrm/Necr      #.........   26%         3    ####...


Dungeon Overview and Level Annotations

Branches:
Dungeon (4/15)
 Temple: D:4-7

Altars:
Makhleb
Nemelex Xobeh

Annotations:
D:3 1 runed translucent door, Crazy Yiuf
D:4 Dowan


Message History

* * * LOW HITPOINT WARNING * * *
You feel sick. Dowan hits you but does no damage.
Okay, then.
You are feeling very hungry.
You hit Dowan.
Dowan is almost dead.
* * * LOW HITPOINT WARNING * * *
You feel sick.
Your spectral weapon barely misses Dowan.
Dowan gestures wildly while chanting.
Dowan blinks!
You cannot move.
* * * LOW HITPOINT WARNING * * *
You feel sick. Dowan casts a spell at you.
The stone arrow hits your spectral weapon!
Your spectral weapon shares its damage with you!
Your spectral weapon fades away.
* * * LOW HITPOINT WARNING * * *
You die...

##.########
..........#
#.......#.##
#..####.#..##
....e.e.#.#e#
#.e###..##)##
#..##.#
#..##.######
#..(.♣..)..#
#...§..###.#
#.....####..#
#.# .####
#.># #.# #..#
#.# #..# #.#
#..# #.# #..#
#.# ..# #.###


You could see Dowan.

Vanquished Creatures
  Duvessa (D:4)
  A crimson imp (D:2)
  An iguana (D:4)
  A hound zombie (D:3)
  A hound skeleton (D:2)
  Robin (D:3)
  5 adders
  2 worms
  2 dart slugs (D:1)
  3 leopard geckos
  2 orcs
  8 bats
  3 giant cockroaches
  14 goblins
  8 hobgoblins
  3 jackals (D:2)
  4 kobolds
  A quokka (D:2)
  3 frilled lizards (D:1)
  11 rats
75 creatures vanquished.

Vanquished Creatures (others)
  A spectral weapon (D:4)
1 creature vanquished.

Grand Total: 76 creatures vanquished

Notes
Turn   | Place    | Note
-------+----------+-------------------------------------------
     0 | D:1      | MoonlitKnight the Merfolk Skald began the quest for the
                  | Orb.
     0 | D:1      | Reached XP level 1. HP: 16/16 MP: 3/3
   266 | D:1      | Reached XP level 2. HP: 21/22 MP: 0/5
   270 | D:1      | Learned a level 2 spell: Shroud of Golubria
   781 | D:1      | Reached skill level 4 in Polearms
  1139 | D:1      | Reached XP level 3. HP: 25/27 MP: 6/6
  1199 | D:1      | Learned a level 3 spell: Spectral Weapon
  2007 | D:2      | Reached XP level 4. HP: 33/33 MP: 5/7
  2103 | D:2      | Reached skill level 5 in Polearms
  2235 | D:2      | Found a burning altar of Makhleb.
  2255 | D:2      | Reached XP level 5. HP: 38/38 MP: 0/8
  2827 | D:3      | Reached skill level 5 in Charms
  3000 | D:3      | Found a runed translucent door.
  3001 | D:3      | Noticed Crazy Yiuf
  3093 | D:3      | Found a sparkling altar of Nemelex Xobeh.
  3114 | D:3      | Noticed Robin
  3374 | D:3      | Reached skill level 6 in Polearms
  3382 | D:3      | Killed Robin
  3510 | D:4      | Reached XP level 6. HP: 47/47 MP: 5/9
  3574 | D:4      | Noticed Duvessa
  3574 | D:4      | Noticed Dowan
  3608 | D:4      | Killed Duvessa
  3623 | D:4      | HP: 1/70 [Dowan/+2 dagger of venom (3)]
  3624 | D:4      | Succumbed to Dowan's poison

Levels and vault maps discovered:
D:1:      dpeg_arrival_three_bigger_balls, layout_loops_corners,
          skrybe_limestone_x
D:2:      layout_rooms, makhleb_grotto_becter, st_stairs_9
D:3:      layout_rooms, marbit_many_paths, uniq_robin, uniq_crazy_yiuf_cottage
D:4:      layout_loops_ring, kennysheep_slug_shrine, first_ration,
          grunt_ministairs_1, uniq_duvessa, uniq_eustachio

Skill      XL: |  1  2  3  4  5  6 |
---------------+-------------------+-----
Polearms       | 4 5 6 |  6.6
Charms         | 4 5 |  5.0
Dodging        | 3 4 |  4.1
Fighting       | 3 |  3.4
Armour         | |  0.6
Spellcasting   | |  2.0

Action                   |  1- 3 |  4- 6 || total
-------------------------+-------+-------++-------
Melee: Spear             |   125 |   163 ||   288
Throw: Boomerang         |       |     3 ||     3
 Cast: Infusion          |    16 |     9 ||    25
       Shroud of Golubri |     1 |     2 ||     3
       Spectral Weapon   |       |     6 ||     6
  Use: Potion            |       |     2 ||     2
 Stab: Sleeping          |       |     3 ||     3
  Eat: Chunk             |     4 |     6 ||    10
Armor: Leather armour    |    13 |       ||    13
       Ring mail         |    16 |    45 ||    61
       Skin              |       |     1 ||     1
Dodge: Dodged            |    56 |    76 ||   132

Table legend:
 A = Non-vault XP
 B = Vault XP
 C = Vault XP percentage of total XP
 D = Non-vault monster count
 E = Vault monster count
 F = Vault count percentage of total count
                 A         B        C        D         E       F
            +---------+---------+-------+---------+---------+-------
      Total |     236 |     233 |  49.7 |      58 |      17 |  22.7
            +---------+---------+-------+---------+---------+-------
        D:1 |      37 |       0 |   0.0 |      20 |       0 |   0.0
        D:2 |      71 |      58 |  45.0 |      18 |       4 |  18.2
        D:3 |      88 |      33 |  27.3 |      17 |      12 |  41.4
        D:4 |      40 |     142 |  78.0 |       3 |       1 |  25.0
            +---------+---------+-------+---------+---------+-------
